 Dungeon Sprint DCSS version 0.30-a0-881-g1ff12e1e11 (webtiles) character file.

Game seed: 15045656611656018921

26 testman the Cudgeller (level 2, -17/32 HPs)
             Began as a Troll Berserker on Mar 14, 2023.
             Was a Follower of Trog.
             Demolished by an ogre
             ... wielding a +0 giant club
              (25 damage)
             ... in the Dungeon (Sprint I: "Red Sonja").
             The game lasted 00:00:35 (19 turns).

testman the Cudgeller (Troll Berserker)               Turns: 19, Time: 00:00:35

Health: -17/32     AC:  4    Str: 24    XL:     2   Next: 89%
Magic:  1/1        EV: 10    Int:  3    God:    Trog [*.....]
Gold:   0          SH:  0    Dex:  9    Spells: 1/1 levels left

rFire   . . .      SeeInvis .    a - +0 mace
rCold   . . .      Faith    .    (no shield)
rNeg    . . .      Spirit   .    b - +0 animal skin
rPois   .          Reflect  .    (helmet restricted)
rElec   .          Rampage  .    (no cloak)
rCorr   .          NoTele   +    (gloves unavailable)
Will    .....                    (boots unavailable)
Stlth   +                        (no amulet)
HPRegen 1.05/turn                (no ring)
MPRegen 0.07/turn                (no ring)

@: on berserk cooldown, slowed, very slow
A: large, unfitting armour, claws 3, regeneration 1, shaggy fur 1, tough skin 1
a: Renounce Religion, Berserk


You were in the Dungeon.
You worshipped Trog.
Trog was aware of your devotion.
You visited 1 branch

Inventory:

Hand Weapons
 a - a +0 mace (weapon)
Armour
 b - a +0 animal skin (worn)
Wands
 i - a wand of mindburst (5)
Scrolls
 h - a scroll of blinking
Potions
 c - a potion of curing
 d - a potion of heal wounds
 e - a potion of haste
 f - 2 potions of magic
 g - a potion of berserk rage
 j - a potion of degeneration {unknown}


   Skills:
 + Level 4.2 Fighting
 + Level 4.6 Maces & Flails
 - Level 2.4 Dodging


You had one spell level left.
You didn't know any spells.
Your spell library was empty.

Dungeon Overview and Level Annotations

Branches:
Dungeon (1/1)

Altars:


Innate Abilities, Weirdness & Mutations

You are too large for most types of armour.
You have claws for hands.
Your natural rate of healing is unusually fast.
You are covered in fur. (AC +1)
You have tough skin. (AC +1)


Message History

Ijyb hits you with a +0 dagger.
You sock Ijyb!
You kill Ijyb!
Trog accepts your kill.
Your Fighting skill gained 2 levels and is now at level 4!
Your Maces & Flails skill gained 2 levels and is now at level 4!
You have reached level 2!
i - a wand of mindburst (5);
j - a viscous yellow potion
There is an open door, spattered with blood here.
Things that are here:
a +0 dagger; a +0 chain mail You feel a strong urge to attack something.
The door flies open with a bang!
You feel your anger nearly subside.
An ogre comes into view. It is wielding a +0 giant club.
You are no longer berserk.
You are exhausted.
You feel yourself slow down.
The ogre shouts!
You close the door.
An ogre breaks down the door.
There is an open door, spattered with blood here.
Things that are here:
a +0 dagger; a +0 chain mail You barely miss the ogre.
The ogre misses you.
You hit the ogre.
The ogre is lightly wounded.
The ogre hits you with a +0 giant club.
You sock the ogre!
The ogre is moderately wounded.
The ogre hits you with a +0 giant club!!
Ouch! That really hurt!
* * * LOW HITPOINT WARNING * * *
You hit the ogre.
The ogre is heavily wounded.
The ogre misses you.
You hit the ogre.
The ogre is severely wounded.
The ogre hits you with a +0 giant club!!
Ouch! That really hurt!
You die...

##########
#<.#..'..#
#..@O.#..+
#..#### +#
#..# #..#
#..# #⌠⌠#
####


You could see an ogre.

Vanquished Creatures
  Ijyb (D)
1 creature vanquished.

Notes
Turn   | Place    | Note
-------+----------+-------------------------------------------
     0 | D        | testman the Troll Berserker began the quest for the Orb.
     0 | D        | Reached XP level 1. HP: 22/22 MP: 0/0
     1 | D        | Noticed Ijyb
     6 | D        | Killed Ijyb
     7 | D        | Reached XP level 2. HP: 32/32 MP: 1/1
    11 | D        | Noticed an ogre
    19 | D        | Demolished by an ogre

Illustrated notes

Levels and vault maps discovered:
D:        dungeon_sprint_1 [red_sonja_temple_1, red_sonja_temple_small_1]

Skill      XL: |  1 |
---------------+----+-----
Fighting       | 4 |  4.2
Maces & Flails | 4 |  4.6
Dodging        | |  2.4

Action                     || total
---------------------------++-------
  Melee: Mace              ||     9
 Invoke: Berserk           ||     1
  Dodge: Dodged            ||     2

Table legend: (Time is in decaauts)
 A = Elapsed time spent in this place.
 B = Non-inter-level travel time spent in this place.
 C = Inter-level travel time spent in this place.
 D = Time resting spent in this place.
 E = Time spent auto-exploring this place.
 F = Levels seen in this place.
 G = Mean time per level.
                   A        B        C        D        E       F      G
               +--------+--------+--------+--------+--------+-----+--------+
         Total |     20 |     20 |      0 |      0 |      0 |   1 |   20.0 |
       Dungeon |     20 |     20 |      0 |      0 |      0 |   1 |   20.0 |
               +--------+--------+--------+--------+--------+-----+--------+

Top non-repeatable levels by time:
       D: 20 daAuts
